 Dungeon Crawl Stone Soup version 0.31-a0-833-gc15d34cb79 (webtiles) character file.

Game seed: 1949332877310021833

417 snarfax the Chopper (level 6, -5/37 HPs)
             Began as a Gargoyle Fighter on Sept 25, 2023.
             Was an Initiate of the Shining One.
             Slain by an ogre
             ... wielding a +0 giant club
              (17 damage)
             ... on level 3 of the Dungeon.
             The game lasted 00:06:16 (2017 turns).

snarfax the Chopper (Gargoyle Fighter)              Turns: 2017, Time: 00:06:16

Health: -5/37      AC: 14    Str: 22    XL:     6   Next: 93%
Magic:  6/6        EV:  8    Int:  8    God:    the Shining One [......]
Gold:   196        SH:  4    Dex:  9    Spells: 5/5 levels left

rFire   . . .        a - +1 war axe
rCold   . . .        c - +0 buckler
rNeg    + . .        g - +0 chain mail
rPois   ∞            (no helmet)
rElec   +            (no cloak)
rCorr   .            i - +0 pair of gloves
SInv    .            (no boots)
Will    .....        (no amulet) Stlth
                     (no ring)
HPRegen 0.26/turn    (no ring)
MPRegen 0.10/turn

%: no passive effects
@: glowing
A: sickness immunity, AC +4, negative energy resistance 1, electricity
resistance, torment resistance 1, petrification resistance
a: Renounce Religion


You were on level 3 of the Dungeon.
You worshipped the Shining One.
The Shining One was noncommittal.
You visited 1 branch of the dungeon, and saw 3 of its levels.

You collected 196 gold pieces.

Inventory:

Hand Weapons
 a - a +1 war axe (weapon)
Missiles
 f - 5 poisoned darts (quivered)
Armour
 b - a +0 scale mail
 c - a +0 buckler (worn)
 g - a +0 chain mail (worn)
 i - a +0 pair of gloves (worn)
Scrolls
 k - a scroll of teleportation {unknown}
 l - a scroll of enchant armour {unknown}
 o - a scroll of noise {unknown}
 p - a scroll of vulnerability {unknown}
 q - a scroll of poison {unknown}
 s - a scroll of identify
Potions
 d - a potion of might
 e - a potion of enlightenment {unknown}
 h - a potion of brilliance {unknown}
 j - 2 potions of mutation
 m - a potion of invisibility {unknown}
 n - 2 potions of ambrosia {unknown}
 r - a potion of attraction {unknown}


   Skills:
 - Level 3.2 Fighting
 * Level 5.7 Axes
 - Level 3.2 Armour
 - Level 5.0 Shields


You had 5 spell levels left.
You didn't know any spells.
Your spell library contained the following spells:

 Spells                   Type           Power      Damage    Failure   Level
 Dazzling Flash           Conj/Hex       0%         N/A       100%        3
 Agony                    Necr           0%         N/A       100%        5
 Silence                  Hex/Air        0%         N/A       100%        5


Dungeon Overview and Level Annotations

Branches:
Dungeon (3/15)

Altars:
Gozag
Hepliaklqana
The Shining One


Innate Abilities, Weirdness & Mutations

You are immune to sickness and miasma.
Your stone body is resilient. (AC +4)
You are immune to poison.
You resist negative energy. (rN+)
You are resistant to electric shocks. (rElec)
You are resistant to unholy torment.
You are immune to petrification.


Message History

You now have 196 gold pieces (gained 9).
You open the door.
An ogre and 8 goblins come into view.
A goblin is wielding a +1 dagger of venom.
A goblin is wielding a +1 dagger of electrocution.
The goblin shouts! x3; The ogre shouts!
The goblin shouts! x4
Found 5 large rocks.
The goblin hits you but does no damage.
You closely miss the goblin. The goblin hits you but does no damage.
You hit the goblin.
The goblin is severely wounded.
The goblin hits you but does no damage.
You slash the goblin!
You kill the goblin!
You hit the goblin.
You kill the goblin!
You barely miss the goblin. You slash the ogre!
The ogre is heavily wounded.
The ogre hits you with a +0 giant club!
You barely miss the ogre.
The ogre is heavily wounded.
The ogre hits you with a +0 giant club!!
Ouch! That really hurt!
* * * LOW HITPOINT WARNING * * *
You are too injured to fight recklessly!
Okay, then.
There is a stone staircase leading down here.
Things that are here:
a +0 trident; an orc skeleton The ogre attacks as it pursues you!
The ogre hits you with a +0 giant club!
* * * LOW HITPOINT WARNING * * *
You hit the ogre.
The ogre is heavily wounded.
You barely miss the ogre.
The ogre is heavily wounded.
The ogre barely misses you.
You hit the ogre.
The ogre is heavily wounded.
The ogre hits you with a +0 giant club!
You die...

###.# #...#
#.#.#....._ #.#
#...#
###.#........
#.####...#
#......_..8..
#.).##...#
#............
###.##...#
#...g........
#..#...#
#........._..
##.#...#
###.#.......#
#.....#
##...#######
####@O####..###
##g.gg.).#
###..##)#
#..##.# #>.##.#
#.###.# #.# #.#
#.# #.# #.. ..#


You could see an ogre and 3 goblins.

Vanquished Creatures
  Sigmund (D:2)
  A centaur (D:3)
  An orc priest (D:2)
  Natasha (D:3)
  An orc wizard (D:3)
  4 adders (D:2)
  A dart slug (D:1)
  11 orcs
  5 endoplasms
  6 giant cockroaches
  4 goblins
  2 hobgoblins
  A quokka (D:2)
  4 ball pythons
  5 bats
  A frilled lizard (D:1)
  5 kobolds
  3 rats (D:2)
57 creatures vanquished.

Notes
Turn   | Place    | Note
-------+----------+-------------------------------------------
     0 | D:1      | snarfax the Gargoyle Fighter began the quest for the Orb.
     0 | D:1      | Reached XP level 1. HP: 14/14 MP: 1/1
   152 | D:1      | Reached XP level 2. HP: 17/19 MP: 2/2
   691 | D:2      | Reached XP level 3. HP: 23/23 MP: 3/3
   860 | D:2      | Reached XP level 4. HP: 24/28 MP: 4/4
   996 | D:2      | Noticed Sigmund
  1040 | D:2      | Killed Sigmund
  1041 | D:2      | Reached XP level 5. HP: 14/32 MP: 5/5
  1192 | D:2      | Found a faded altar of an unknown god.
  1402 | D:2      | Reached XP level 6. HP: 32/37 MP: 6/6
  1442 | D:2      | Reached skill level 5 in Shields
  1554 | D:3      | Reached skill level 5 in Axes
  1742 | D:3      | Found an opulent altar of Gozag.
  1745 | D:3      | Found a glowing golden altar of the Shining One.
  1746 | D:3      | Noticed Natasha
  1780 | D:3      | Killed Natasha
  1803 | D:3      | Found a hazy altar of Hepliaklqana.
  1809 | D:3      | Became a worshipper of the Shining One
  2017 | D:3      | Slain by an ogre

Illustrated notes

Levels and vault maps discovered:
D:1:      sevenhm_arrival_forest_fort_small_6, layout_basic
D:2:      layout_rooms, shapermc_ecumenical_altar_ellora, minmay_tall_x,
          uniq_sigmund
D:3:      layout_basic, grunt_temple_overflow_open, minmay_ogre_servants,
          uniq_natasha

Skill      XL: |  1  2  3  4  5  6 |
---------------+-------------------+-----
Axes           | 2 3 4 5 |  5.7
Shields        | 4 5 |  5.0
Fighting       | |  3.2
Armour         | |  3.2

Action                     |  1- 3 |  4- 6 || total
---------------------------+-------+-------++-------
  Melee: War axe           |    84 |   108 ||   192
  Throw: Dart              |     1 |     3 ||     4
    Use: Scroll            |     4 |     1 ||     5
 Armour: Scale mail        |    27 |       ||    27
         Chain mail        |    25 |   138 ||   163
  Dodge: Dodged            |    34 |    68 ||   102
  Block: Buckler           |    25 |    31 ||    56

Table legend: (Time is in decaauts)
 A = Elapsed time spent in this place.
 B = Non-inter-level travel time spent in this place.
 C = Inter-level travel time spent in this place.
 D = Time resting spent in this place.
 E = Time spent auto-exploring this place.
 F = Levels seen in this place.
 G = Mean time per level.
                   A        B        C        D        E       F      G
               +--------+--------+--------+--------+--------+-----+--------+
         Total |   2083 |   2022 |     61 |     58 |   1375 |   3 |  694.3 |
       Dungeon |   2083 |   2022 |     61 |     58 |   1375 |   3 |  694.3 |
               +--------+--------+--------+--------+--------+-----+--------+

Top non-repeatable levels by time:
     D:2: 800 daAuts
     D:3: 681 daAuts
     D:1: 600 daAuts
